 Dungeon Crawl Stone Soup version 0.29.1-12-g30fa7ad0bf (webtiles) character file.

Game seed: 17005396423484895079

102152 xzight the Thrower (level 15, -11/158 HPs)
             Began as a Troll Fighter on Dec 27, 2022.
             Was a High Priest of Okawaru.
             Mangled by a wolf spider (13 damage)
             ... on level 1 of the Spider Nest.
             The game lasted 00:51:12 (24000 turns).

xzight the Thrower (Troll Fighter)                 Turns: 24000, Time: 00:51:13

Health: -11/158    AC: -5    Str: 32    XL:     15   Next: 85%
Magic:  0/20       EV: 13    Int:  4    God:    Okawaru [*****.]
Gold:   2437       SH: 13    Dex: 15    Spells: 14/14 levels left

rFire   + . .      SeeInvis .     - Unarmed
rCold   . . .      Faith    .   O - +1 kite shield of Eternal Vigilance {rF+ Str-2 Dex+6}
rNeg    . . .      Spirit   +   a - +0 robe of the Endless Expanse {rPois Regen+}
rPois   +          Reflect  .   (helmet restricted)
rElec   .          Harm     .   W - +2 cloak {Will+}
rCorr   .          Rampage  .   (gloves unavailable)
Will    ++...                   (boots unavailable)
Stlth   +.........              w - amulet of guardian spirit
HPRegen 1.96/turn               e - +4 ring of evasion
MPRegen 0.17/turn               Y - +4 ring of slaying

@: corroded, studying Throwing
A: large, unfitting armour, claws 3, regeneration 1, shaggy fur 1, tough skin 1
a: Renounce Religion, Heroism, Finesse, Duel


You were on level 1 of the Spider Nest.
You worshipped Okawaru.
Okawaru was extremely pleased with you.
You visited 5 branches of the dungeon, and saw 24 of its levels.

You collected 2669 gold pieces.
You spent 232 gold pieces at shops.


Innate Abilities, Weirdness & Mutations

You are too large for most types of armour.
You have claws for hands.
Your natural rate of healing is unusually fast.
You are covered in fur. (AC +1)
You have tough skin. (AC +1)


   Skills:
 + Level 12.4 Fighting
 + Level 14.0 Throwing
 - Level 2.4 Dodging
 + Level 13.1 Shields
 + Level 13.5 Unarmed Combat
 + Level 8.1 Invocations


You had 14 spell levels left.
You didn't know any spells.
Your spell library contained the following spells:

 Spells                   Type           Power      Damage    Failure   Level
 Apportation              Tloc           0%         N/A       67%         1
 Foxfire                  Conj/Fire      0%         2x1d4     67%         1
 Magic Dart               Conj           0%         1d3       67%         1
 Ensorcelled Hibernation  Hex/Ice        0%         N/A       82%         2
 Passwall                 Tmut/Erth      0%         N/A       82%         2
 Static Discharge         Conj/Air       0%         3-3/arc   82%         2
 Conjure Flame            Conj/Fire      0%         6-21      96%         3
 Ignite Poison            Fire/Tmut/Pois 0%         N/A       96%         3
 Inner Flame              Hex/Fire       0%         N/A       96%         3
 Mephitic Cloud           Conj/Pois/Air  0%         N/A       96%         3
 Portal Projectile        Hex/Tloc       0%         N/A       96%         3
 Spider Form              Tmut/Pois      0%         N/A       96%         3
 Swiftness                Air            0%         N/A       96%         3
 Anguish                  Hex/Necr       0%         N/A       100%        4
 Dispel Undead            Necr           0%         3d6       100%        4
 Flame Wave               Conj/Fire      0%         2d4       100%        4
 Hailstorm                Conj/Ice       0%         3d3       100%        4
 Ice Form                 Ice/Tmut       0%         N/A       100%        4
 Sticky Flame             Conj/Fire      0%         2d3       100%        4
 Alistair's Intoxication  Tmut/Pois      0%         N/A       100%        5
 Blade Hands              Tmut           0%         N/A       100%        5
 Eringya's Noxious Bog    Tmut/Pois      0%         N/A       100%        6
 Statue Form              Tmut/Erth      0%         N/A       100%        6
 Enfeeble                 Hex            0%         N/A       100%        7
 Call Imp                 Summ           Unusable   N/A       N/A         2
 Tukima's Dance           Hex            Unusable   N/A       N/A         3
 Summon Forest            Summ/Tloc      Unusable   N/A       N/A         5
 Simulacrum               Ice/Necr       Unusable   N/A       N/A         6
 Summon Hydra             Summ           Unusable   N/A       N/A         7

Inventory:

Missiles
 A - a throwing net {=f}
 K - 17 large rocks (quivered) {=f}
 L - 9 javelins
Armour
 a - the +0 robe of the Endless Expanse (worn) {rPois Regen+}
   (Okawaru gifted it to you on level 10 of the Dungeon)

   rPois:     It protects you from poison.
   Regen:     It increases your rate of health regeneration.
 b - +0 acid dragon scales
 H - a +0 troll leather armour
 I - +0 ice dragon scales
 O - the +1 kite shield of Eternal Vigilance (worn) {rF+ Str-2 Dex+6}
   (Okawaru gifted it to you on level 1 of the Lair of Beasts)

   Str:       It affects your strength (-2).
   Dex:       It affects your dexterity (+6).
   rF:        It protects you from fire.
 W - a +2 cloak of willpower (worn)
Jewellery
 e - a +4 ring of evasion (left claw)
 q - an amulet of the acrobat
 s - a +6 ring of strength
 w - an amulet of guardian spirit (around neck)
 E - a +4 ring of evasion
 F - a ring of fire
 N - a ring of positive energy
 Y - a +4 ring of slaying (right claw)
Wands
 m - a wand of flame (32)
 t - a wand of iceblast (32)
 y - a wand of paralysis (28)
 D - a wand of quicksilver (19)
 M - a wand of polymorph (25)
 S - a wand of digging (6)
Scrolls
 d - 9 scrolls of teleportation {@r2}
 j - 4 scrolls of poison
 l - 7 scrolls of vulnerability
 n - a scroll of brand weapon
 u - 5 scrolls of immolation
 B - 3 scrolls of amnesia
 C - 4 scrolls of magic mapping
 G - a scroll of silence {unknown}
 J - 4 scrolls of enchant armour
 R - 2 scrolls of identify {@r1}
 T - a scroll of fear
 U - a scroll of enchant weapon
Potions
 c - 5 potions of might
 f - 3 potions of attraction
 g - 3 potions of invisibility
 h - 9 potions of curing {@q1}
 i - 4 potions of haste {@q3}
 k - 4 potions of flight
 o - 3 potions of cancellation
 p - 3 potions of resistance
 r - a potion of mutation
 x - 5 potions of lignification
 z - 6 potions of heal wounds {@q2}
 P - a potion of ambrosia {unknown}
 Q - 2 potions of degeneration {unknown}
 V - a potion of berserk rage {unknown}

Dungeon Overview and Level Annotations

Branches:
Dungeon (15/15)            Temple (1/1) D:4            Lair (5/5) D:8
  Swamp (0/4) Lair:3       Spider (1/4) Lair:3        Slime (0/5) Lair:4
    Orc (2/2) D:11            Elf (0/3) Orc:2        Vaults (0/5) D:14
 Depths (0/4) D:15

Altars:
Ashenzari
Cheibriados
Dithmenos
Elyvilon
Fedhas
Gozag
Hepliaklqana
Kikubaaqudgha
Makhleb
Nemelex Xobeh
Okawaru
Qazlal
Ru
Sif Muna
Trog
Uskayaw
Vehumet
Wu Jian
Xom
Yredelemnul
Zin
The Shining One
Jiyva

Shops:
D:4 *   D:5 *   D:8 (   D:9 (   D:12 =   D:13 [   D:15 *   Orc:2 [(*:

Annotations:
D:7 1 runed translucent door, Crazy Yiuf
D:8 1 transporter
Orc:2 TheSexyCheese's ghost, journeyman HOFi

##.#...## # ###.
#^.....B## .. #...
#.#.###..# #.### #...
##......## ###. ... ###†.#
#...##...# ....
##.####....# ##..###..##
....##..#..#..###
##....#s.# .##..........#
##...#..####..#.##..#..###
##..##^.##@..# #..#####
##..##s.Bs..###..##
#..#.##..####.##^.##
##...######.[..##..#
###..#..#..[#.#..##
##......#..##..#
##.#...#.....##
###..####..## #### ####


You could see an entropy weaver, a wolf spider and an orb spider (charged).


Message History

The wolf spider is moderately wounded.
You block the wolf spider's attack. The wolf spider bites you!
* * * LOW HITPOINT WARNING * * *
The wolf spider closely misses you. The wolf spider bites you.
* * * LOW HITPOINT WARNING * * *
The orb spider spins a strand of pure energy.
You claw the wolf spider!
The wolf spider is heavily wounded.
The wolf spider misses you. x2
You scratch the wolf spider but do no damage.
The wolf spider is heavily wounded.
The wolf spider hits you.
* * * LOW HITPOINT WARNING * * *
The wolf spider barely misses you.
You closely miss the wolf spider.
The wolf spider is heavily wounded.
The wolf spider hits you!
* * * LOW HITPOINT WARNING * * *
The wolf spider closely misses you.
You claw the wolf spider!
The wolf spider is severely wounded.
The wolf spider hits you!!
* * * LOW HITPOINT WARNING * * *
You block the wolf spider's attack.
You scratch the entropy weaver.
The entropy weaver is almost dead.
You block the wolf spider's attack. The wolf spider bites you!
* * * LOW HITPOINT WARNING * * *
You block the wolf spider's attack. The wolf spider bites you!
You die...

Skill      XL: |  1  2  3  4  5  6  7  8  9 10 11 12 13 14 15 |
---------------+----------------------------------------------+-----
Unarmed Combat | 3 4 5 6 7 8 10 11 12 13 | 13.5
Fighting       | 3 4 6 7 8 9 10 11 12 | 12.4
Shields        | 3 4 6 8 10 11 12 13 | 13.1
Throwing       | 1 3 4 6 8 10 11 12 14 | 14.0
Invocations    | 3 5 6 8 |  8.1
Dodging        | |  2.4

Action                   |  1- 3 |  4- 6 |  7- 9 | 10-12 | 13-15 || total
-------------------------+-------+-------+-------+-------+-------++-------
Melee: Unarmed           |    53 |   160 |   310 |   501 |  1272 ||  2296
Throw: Javelin           |       |     2 |    13 |    10 |       ||    25
       Large rock        |       |       |       |    28 |    95 ||   123
Invok: Heroism           |       |       |     8 |    14 |    22 ||    44
       Finesse           |       |       |       |       |     5 ||     5
  Use: Potion            |     1 |       |       |     1 |     4 ||     6
       Scroll            |       |     3 |       |     9 |    21 ||    33
 Stab: Sleeping          |       |       |       |     1 |     1 ||     2
       Petrified         |       |       |       |       |     4 ||     4
Armor: Robe              |    15 |    29 |    45 |    59 |   197 ||   345
       Troll leather arm |       |       |       |     3 |       ||     3
Dodge: Dodged            |    11 |    91 |   135 |   236 |   571 ||  1044
Block: Kite shield       |    13 |    49 |   112 |   243 |   816 ||  1233

Levels and vault maps discovered:
D:1:      ldierk_walled_garden_2, layout_loops_ring,
          shapermc_ecumenical_altar_mp_highgroup, minmay_misc_feat_cross
D:2:      layout_loops_ring, uniq_sigmund
D:3:      layout_basic, minmay_rat_hole, uniq_natasha
D:4:      layout_rooms, lightli_temple_of_fire, minmay_temple_entry_hall,
          serial_shops, shop, hangedman_abyss_or_decor_passed,
          nicolae_hexahallways, lightli_corner_chamber
D:5:      layout_basic, nicolae_shop_gadgets
D:6:      layout_basic, mainiacjoe_overflow_alcove_4, minmay_unpleasant_kobolds
D:7:      layout_rooms, nemelex_dance_club_becter, old_standard_altar,
          marbit_many_paths, bloody_makhleb, worldfamousw_hep_ancestral_shrine,
          serial_undead, serial_undead_b, serial_undead_f, serial_undead_e,
          serial_undead_a, serial_undead_d, serial_undead_e, st_stairs_14,
          uniq_prince_ribbit1, uniq_menkaure, uniq_crazy_yiuf_cottage
D:8:      layout_loops_ring, mainiacjoe_overflow_paths,
          mainiacjoe_overflow_chevrons, erik_lair_orcish_takeover,
          enter_bailey_4, serial_shops, shop, nicolae_diode_basic
D:9:      layout_loops_cross, serial_shops, nicolae_shop_statue_plus,
          minmay_strange_pillars
D:10:     minmay_the_grid_net [minmay_the_grid_minigrid_large,
          minmay_the_grid_doors, minmay_the_grid_tri_star,
          minmay_the_grid_pillar_ring, minmay_the_grid_paths,
          minmay_the_grid_prize_trominoes], layout_basic, vehumet_crystals,
          elyvilon_altar_1
D:11:     layout_basic, david_orc_3
D:12:     layout_loops_cross, serial_shops, nicolae_shop_behind_doors,
          minivault_22
D:13:     layout_long_grid, serial_shops, shop_fountains, minivault_14
D:14:     layout_layer_cave, david_vaults_3
D:15:     gammafunk_depths_entry_grave, layout_rooms, serial_co_window_serial,
          co_window_paths_b, co_window_corner_a, co_window_paths_a,
          co_window_of_opportunity_a, co_window_paths_a, co_window_paths_a,
          co_window_paths_a, co_window_paths_a, co_window_cross_1,
          co_window_of_opportunity_b, co_window_2corner, co_window_corner_cb,
          co_window_paths_c, co_window_corner_b, co_window_2corner,
          co_window_paths_e, glass_columns_a, glass_columns_b, glass_columns_b,
          glass_columns_c, glass_columns_b, kiku_gazebo_pond_becter, zin_purify,
          uniq_roxanne
Temple:   hellmonk_temple_of_storms
Lair:1:   layout_regular_city, serial_bayou_pond_e
Lair:2:   layout_misc_corridors
Lair:3:   dragon1_lemuel, layout_hall_layers, swamp_mist, dummy_spider_entry,
          grunt_megastairs_3
Lair:4:   layout_cave_pods, minmay_slime_entry_pillars, beast_lair_carwin_11,
          grunt_megastairs_5, uniq_rupert
Lair:5:   wormcave, layout_misc_corridors, hangedman_lair_caniforms_friends,
          grunt_megastairs_2, uniq_urug
Spider:1: cheibrodos_spider_silkery, hangedman_spider_tarantella_strand
Orc:1:    layout_caves
Orc:2:    grunt_orc_gardens, layout_caves, grunt_orc_garden, grunt_orc_garden,
          grunt_orc_garden, grunt_orc_garden, gammafunk_ghost_wrathful_warriors,
          uniq_saint_roka, uniq_josephine, uniq_jorgrun

Notes
Turn   | Place    | Note
-------+----------+-------------------------------------------
     0 | D:1      | xzight the Troll Fighter began the quest for the Orb.
     0 | D:1      | Reached XP level 1. HP: 22/22 MP: 0/0
   129 | D:1      | Reached XP level 2. HP: 29/29 MP: 1/1
   300 | D:1      | Reached skill level 3 in Unarmed Combat
   303 | D:1      | Found a faded altar of an unknown god.
   778 | D:2      | Reached XP level 3. HP: 36/36 MP: 2/2
   781 | D:2      | Noticed Sigmund
   892 | D:2      | Killed Sigmund
   893 | D:2      | Reached skill level 4 in Unarmed Combat
   893 | D:2      | Reached skill level 3 in Fighting
   893 | D:2      | Reached skill level 3 in Shields
   893 | D:2      | Reached XP level 4. HP: 34/45 MP: 3/3
   893 | D:2      | Reached XP level 5. HP: 40/53 MP: 4/4
  1520 | D:3      | Noticed Natasha
  1529 | D:3      | Killed Natasha
  1573 | D:3      | Noticed Natasha
  1587 | D:3      | Killed Natasha
  1658 | D:3      | Noticed Natasha
  1670 | D:3      | Killed Natasha
  1671 | D:3      | Reached XP level 6. HP: 56/61 MP: 5/5
  1878 | D:3      | Identified the +6 whip of the Imperium {venom, rF+ rCorr}
  2317 | D:4      | Reached skill level 5 in Unarmed Combat
  2325 | D:4      | Found a staircase to the Ecumenical Temple.
  2358 | Temple   | Entered the Ecumenical Temple
  2368 | Temple   | Became a worshipper of Warmaster Okawaru
  2709 | D:4      | Found Xihiyly's Assorted Antiques.
  2716 | D:4      | Identified 2 potions of resistance
  2718 | D:4      | Bought a scroll of identify for 64 gold pieces
  2718 | D:4      | Bought a scroll of identify for 64 gold pieces
  2753 | D:4      | Reached skill level 4 in Shields
  2764 | D:4      | Found a bloodstained altar of Trog.
  2799 | D:4      | Reached skill level 1 in Throwing
  3008 | D:4      | Reached XP level 7. HP: 67/68 MP: 6/6
  3325 | D:5      | Entered Level 5 of the Dungeon
  3367 | D:5      | Reached skill level 4 in Fighting
  3562 | D:5      | Reached skill level 2 in Throwing
  3562 | D:5      | Reached skill level 1 in Invocations
  3656 | D:5      | Found Kybip's Gadget Gallery.
  4335 | D:6      | Reached skill level 6 in Unarmed Combat
  4335 | D:6      | Reached skill level 2 in Invocations
  4338 | D:6      | Found an opulent altar of Gozag.
  4453 | D:6      | Reached skill level 3 in Throwing
  4537 | D:6      | Reached * piety under Okawaru
  4871 | D:6      | Reached skill level 3 in Invocations
  4871 | D:6      | Reached XP level 8. HP: 67/78 MP: 6/9
  4975 | D:7      | Reached skill level 4 in Throwing
  5193 | D:7      | Found a blossoming altar of Fedhas.
  5315 | D:7      | Reached skill level 7 in Unarmed Combat
  5319 | D:7      | Found a burning altar of Makhleb.
  5323 | D:7      | Identified the +1 robe of the Soldier {Rampage rElec Str-4
                  | Dex+2}
  5351 | D:7      | Reached ** piety under Okawaru
  5391 | D:7      | Noticed Menkaure
  5394 | D:7      | Killed Menkaure
  5395 | D:7      | Reached XP level 9. HP: 85/85 MP: 8/10
  5472 | D:7      | Reached skill level 5 in Throwing
  5479 | D:7      | Reached skill level 5 in Shields
  5572 | D:7      | Reached skill level 5 in Fighting
  5581 | D:7      | Found a basalt altar of Yredelemnul.
  5715 | D:7      | Noticed Prince Ribbit
  5798 | D:7      | Found a runed translucent door.
  5799 | D:7      | Noticed Crazy Yiuf
  5830 | D:7      | Reached skill level 8 in Unarmed Combat
  5963 | D:7      | Found a hazy altar of Hepliaklqana.
  6030 | D:7      | Killed Prince Ribbit
  6087 | D:7      | Found a sparkling altar of Nemelex Xobeh.
  6297 | D:8      | Found a shimmering blue altar of Sif Muna.
  6486 | D:8      | Reached *** piety under Okawaru
  6487 | D:8      | Reached skill level 6 in Throwing
  6488 | D:8      | Reached skill level 6 in Shields
  6511 | D:8      | Found a staircase to the Lair.
  6552 | D:8      | Reached skill level 6 in Fighting
  6742 | D:8      | Found a transporter.
  6770 | D:8      | Reached XP level 10. HP: 79/98 MP: 7/11
  6829 | D:8      | Found Qosup's Antique Weapon Shoppe.
  6899 | D:8      | Found a shadowy altar of Dithmenos.
  7673 | D:9      | Found Zuynoes's Antique Weapon Shoppe.
  7683 | D:9      | Received a gift from Okawaru
  7962 | D:10     | Entered Level 10 of the Dungeon
  7970 | D:10     | Noticed a boulder beetle
  7986 | D:10     | Killed a boulder beetle
  7987 | D:10     | Reached skill level 7 in Throwing
  7987 | D:10     | Reached skill level 7 in Shields
  8039 | D:10     | Noticed a two-headed ogre
  8043 | D:10     | Killed a two-headed ogre
  8044 | D:10     | Reached skill level 7 in Fighting
  8060 | D:10     | Reached **** piety under Okawaru
  8060 | D:10     | Received a gift from Okawaru
  8061 | D:10     | Noticed a two-headed ogre
  8065 | D:10     | Killed a two-headed ogre
  8295 | D:10     | Identified the +10 sling of the Terrible God {flame, rPois
                  | rC++ Will- Str-2}
  8331 | D:10     | Noticed a deep elf zephyrmancer
  8337 | D:10     | Found a radiant altar of Vehumet.
  8444 | D:10     | Noticed a smoke demon
  8449 | D:10     | Reached skill level 8 in Throwing
  8449 | D:10     | Reached skill level 8 in Shields
  8449 | D:10     | Reached XP level 11. HP: 69/110 MP: 7/12
  8542 | D:9      | Reached skill level 8 in Fighting
  8655 | D:10     | Identified the +2 sling of Plague {venom, rCorr Stlth+}
  8758 | D:10     | Found a white marble altar of Elyvilon.
  8932 | D:10     | Reached ***** piety under Okawaru
  8970 | D:10     | Reached skill level 9 in Unarmed Combat
  8981 | D:10     | Received a gift from Okawaru
  9005 | D:10     | Noticed an ogre mage
  9016 | D:10     | Killed an ogre mage
  9016 | D:10     | Identified the +0 robe of the Endless Expanse {rPois
                  | Regen+} (Okawaru gifted it to you on level 10 of the
                  | Dungeon)
  9016 | D:10     | Received a gift from Okawaru
  9056 | D:10     | Noticed an orc knight
  9075 | D:10     | Killed an orc knight
  9076 | D:10     | Reached skill level 10 in Unarmed Combat
  9133 | D:10     | Noticed a skeletal warrior
  9230 | D:10     | Noticed a deep elf pyromancer
  9234 | D:10     | Killed a deep elf pyromancer
  9243 | D:10     | Noticed a deep elf pyromancer
  9254 | D:10     | Killed a deep elf pyromancer
  9380 | D:10     | Killed a deep elf zephyrmancer
  9480 | D:10     | Noticed an orc sorcerer
  9481 | D:10     | Killed an orc sorcerer
  9497 | D:10     | Noticed an orc knight
  9510 | D:10     | Killed an orc knight
  9583 | D:10     | Killed a skeletal warrior
 10054 | D:11     | Noticed a two-headed ogre
 10059 | D:11     | Killed a two-headed ogre
 10060 | D:11     | Found a staircase to the Orcish Mines.
 10070 | D:11     | Reached XP level 12. HP: 93/122 MP: 5/13
 10106 | D:11     | Noticed a two-headed ogre
 10110 | D:11     | Killed a two-headed ogre
 10111 | D:11     | Reached skill level 9 in Throwing
 10111 | D:11     | Reached skill level 9 in Shields
 10231 | D:11     | Noticed a two-headed ogre
 10234 | D:11     | Killed a two-headed ogre
 10235 | D:11     | Reached skill level 9 in Fighting
 10762 | Lair:1   | Entered Level 1 of the Lair of Beasts
 10847 | Lair:1   | Noticed a five-headed hydra
 10853 | Lair:1   | Killed a five-headed hydra
 11075 | Lair:1   | Received a gift from Okawaru
 11168 | Lair:1   | Identified the +1 kite shield of Eternal Vigilance {rF+
                  | Str-2 Dex+6} (Okawaru gifted it to you on level 1 of the
                  | Lair of Beasts)
 11168 | Lair:1   | Received a gift from Okawaru
 11497 | Lair:1   | Reached skill level 4 in Invocations
 12018 | Lair:2   | Reached skill level 10 in Throwing
 12143 | Lair:2   | Reached skill level 10 in Shields
 12153 | Lair:2   | Reached skill level 11 in Unarmed Combat
 12284 | Lair:2   | Reached skill level 5 in Invocations
 12289 | Lair:2   | Reached XP level 13. HP: 123/133 MP: 9/15
 12998 | Lair:3   | Reached ****** piety under Okawaru
 13073 | Lair:2   | Identified the +1 robe of Resilience {rPois rCorr} (Okawaru
                  | gifted it to you on level 2 of the Lair of Beasts)
 13073 | Lair:2   | Received a gift from Okawaru
 13131 | Lair:3   | Reached skill level 10 in Fighting
 13183 | Lair:3   | Noticed a fire dragon
 13210 | Lair:3   | Killed a fire dragon
 13519 | Lair:3   | Found a hole to the Spider Nest.
 13840 | Lair:3   | Found a staircase to the Swamp.
 14417 | Lair:4   | Found a viscous altar of Jiyva.
 14417 | Lair:4   | Found a staircase to the Slime Pits.
 14488 | Lair:4   | Reached skill level 6 in Invocations
 14741 | Lair:4   | Noticed Rupert
 14755 | Lair:4   | Killed Rupert
 15318 | Lair:5   | Entered Level 5 of the Lair of Beasts
 15507 | Lair:5   | Reached skill level 11 in Shields
 15514 | Lair:5   | Reached skill level 11 in Throwing
 15620 | Lair:5   | Received a gift from Okawaru
 15970 | Lair:5   | Reached XP level 14. HP: 138/144 MP: 16/18
 16180 | Lair:5   | Reached skill level 7 in Invocations
 16603 | Lair:5   | Noticed Urug
 16625 | Lair:5   | Killed Urug
 16708 | Lair:5   | Found a runed translucent door.
 16717 | Lair:5   | Reached skill level 11 in Fighting
 16773 | Lair:5   | Received a gift from Okawaru
 16987 | Lair:5   | Received a gift from Okawaru
 17517 | Orc:1    | Entered Level 1 of the Orcish Mines
 17942 | Orc:2    | Entered Level 2 of the Orcish Mines
 17957 | Orc:2    | Noticed Josephine
 18006 | Orc:1    | Identified the +1 robe "Kahyrups" {rF+} (Okawaru gifted it
                  | to you on level 1 of the Orcish Mines)
 18006 | Orc:1    | Received a gift from Okawaru
 18007 | Orc:1    | Reached skill level 12 in Unarmed Combat
 18046 | Orc:2    | Killed Josephine
 18275 | Orc:2    | Found Lauvvek's Antique Weapon Boutique.
 18319 | Orc:2    | Found a transporter.
 18328 | Orc:2    | Found a bloodstained altar of Trog.
 18329 | Orc:2    | Noticed TheSexyCheese's ghost (journeyman HOFi)
 18332 | Orc:2    | Found a transporter.
 18336 | Orc:2    | Found Ciaf's Book Shoppe.
 18336 | Orc:2    | Noticed an orc warlord
 18336 | Orc:2    | Noticed Jorgrun
 18387 | Orc:2    | Killed Jorgrun
 18789 | Orc:2    | Reached skill level 8 in Invocations
 18914 | Orc:2    | Found a staircase to the Elven Halls.
 18949 | Orc:2    | Found Gekh's General Store.
 18962 | Orc:2    | Reached skill level 12 in Shields
 18976 | Orc:2    | Bought a potion of heal wounds for 65 gold pieces
 18976 | Orc:2    | Bought a scroll of teleportation for 39 gold pieces
 19054 | Orc:2    | Found Boluikel's Antique Armour Shop.
 19116 | Orc:2    | Reached skill level 12 in Throwing
 19256 | Orc:2    | Noticed Saint Roka
 19294 | Orc:2    | Killed Saint Roka
 19519 | Orc:2    | HP: 2/146 [orc warrior/+0 halberd (23)]
 19769 | D:12     | Found Nublaqou's Jewellery Shoppe.
 20261 | D:12     | Received a gift from Okawaru
 20262 | D:12     | Reached XP level 15. HP: 141/154 MP: 18/20
 20793 | D:13     | Found Loag's Armour Shoppe.
 20833 | D:13     | Identified the +0 robe of the Dropbear {+Blink rPois rN+}
                  | (Okawaru gifted it to you on level 13 of the Dungeon)
 20833 | D:13     | Received a gift from Okawaru
 21231 | D:14     | Noticed Nessos
 21231 | D:14     | Found a gate to the Vaults.
 21285 | D:14     | Killed Nessos
 21567 | D:14     | Identified the +4 chain mail "Aciewuen" {*Slow rPois rC+++
                  | Int-5}
 21679 | D:14     | Reached skill level 12 in Fighting
 21679 | D:14     | Reached skill level 13 in Throwing
 21739 | D:14     | Reached skill level 13 in Unarmed Combat
 22170 | D:15     | Entered Level 15 of the Dungeon
 22210 | D:15     | Found a staircase to the Depths.
 22244 | D:15     | HP: 11/156 [seven-headed hydra (5)]
 22769 | D:15     | Found Zin's Purification Station.
 22777 | D:15     | Received a gift from Okawaru
 22885 | D:15     | Found a glowing silver altar of Zin.
 22994 | D:15     | Identified Roxanne's Omnibus of Sculpting
 22994 | D:15     | Noticed Roxanne
 23010 | D:15     | Killed Roxanne
 23011 | D:15     | Reached skill level 13 in Shields
 23431 | D:15     | Received a gift from Okawaru
 23436 | D:15     | Found an ancient bone altar of Kikubaaqudgha.
 23773 | Spider:1 | Entered Level 1 of the Spider Nest
 23959 | Spider:1 | Received a gift from Okawaru
 23966 | Spider:1 | Reached skill level 14 in Throwing
 23977 | Spider:1 | HP: 12/158 [culicivora simulacrum (17)]
 23999 | Spider:1 | HP: 9/158 [wolf spider (23)]
 24000 | Spider:1 | HP: 2/158 [wolf spider (9)]
 24000 | Spider:1 | Mangled by a wolf spider

Vanquished Creatures
  Saint Roka (Orc:2)
  Jorgrun (Orc:2)
  Rupert (Lair:4)
  Roxanne (D:15)
  Nessos (D:14)
  An entropy weaver (Spider:1)
  Josephine (Orc:2)
  3 fire dragons
  5 hydras
  6 boulder beetles
  An anaconda (Lair:5)
  A catoblepas (Lair:5)
  An ogre mage (D:10)
  8 centaur warriors
  A spriggan skeleton (D:15)
  6 two-headed ogres
  Urug (Lair:5)
  3 orc high priests (Orc:2)
  A spark wasp zombie (D:15)
  3 skeletal warriors
  A pharaoh ant (Spider:1)
  A steelbarb worm (Spider:1)
  2 orb spiders (Spider:1)
  2 lindwurms (Lair:5)
  A deep elf zephyrmancer (D:10)
  A necromancer (D:15)
  7 orc knights
  8 ugly things
  4 deep elf pyromancers
  A phantasmal warrior (D:15)
  A wolf spider (Spider:1)
  A manticore (D:14)
  5 orc sorcerers
  5 cyclopes
  8 elephants (Lair:5)
  3 black mambas
  A molten gargoyle (Lair:3)
  4 gargoyles
  5 torpor snails (Lair:5)
  7 cane toads
  2 unseen horrors (D:11)
  8 komodo dragons
  5 rime drakes
  5 trolls
  A tengu conjurer (D:13)
  9 hornets
  9 polar bears (Lair:5)
  A tarantella (shapeshifter) (D:10)
  24 blink frogs
  Prince Ribbit (D:7)
  A raiju (Lair:5)
  7 slime creatures
  2 tarantellas (Spider:1)
  3 tyrant leeches (Lair:5)
  A jumping spider (Spider:1)
  Sigmund (D:2)
  A shadow (D:10)
  7 wraiths
  A culicivora (Spider:1)
  A basilisk (shapeshifter) (D:15)
  44 yaks
  16 humans (D:14)
  6 wyverns
  A steam dragon (D:8)
  2 redbacks (Spider:1)
  5 vampire mosquitoes
  2 basilisks
  12 wargs
  Menkaure (D:7)
  12 water moccasins
  A glowing shapeshifter zombie (D:15)
  An acid dragon (D:13)
  16 hell hounds (Lair:5)
  11 black bears (Lair:5)
  28 orc warriors
  An ice beast (D:6)
  A hornet zombie (D:7)
  2 sky beasts (D:6)
  6 ogres
  39 wolves
  19 centaurs
  A kobold brigand (D:8)
  10 bullfrogs
  A wyvern zombie (D:7)
  3 scorpions
  9 wights (D:7)
  A tengu zombie (D:15)
  13 killer bees
  5 howler monkeys
  2 centaur zombies (D:7)
  A bullfrog zombie (D:7)
  4 hounds
  4 jellies
  11 orc priests
  A gnoll bouda (D:7)
  Natasha (thrice) (D:3)
  3 iguanas
  21 orc wizards
  2 howler monkey zombies (D:7)
  7 gnolls
  4 adders
  2 white imps (D:7)
  2 dart slugs (D:1)
  49 orcs
  6 ball pythons
  10 endoplasms
  5 giant cockroaches
  6 goblins
  8 hobgoblins
  3 quokkas
  3 bats
  2 frilled lizards
  16 kobolds
  24 rats
673 creatures vanquished.

Vanquished Creatures (others)
  A kobold demonologist (D:10)
  29 fungi
  30 plants
  4 toadstools (D:1)
  12 withered plants
76 creatures vanquished.

Grand Total: 749 creatures vanquished

Table legend: (Time is in decaauts)
 A = Elapsed time spent in this place.
 B = Non-inter-level travel time spent in this place.
 C = Inter-level travel time spent in this place.
 D = Time resting spent in this place.
 E = Time spent auto-exploring this place.
 F = Levels seen in this place.
 G = Mean time per level.
                   A        B        C        D        E       F      G
               +--------+--------+--------+--------+--------+-----+--------+
         Total |  23875 |  22384 |   1491 |   2218 |  14987 |  24 |  994.8 |
       Dungeon |  14870 |  13780 |   1090 |   1184 |   9712 |  15 |  991.3 |
        Temple |     44 |     37 |      7 |      0 |     23 |   1 |   44.0 |
          Lair |   6619 |   6296 |    323 |    444 |   4250 |   5 | 1323.8 |
   Spider Nest |    224 |    224 |      0 |      0 |    138 |   1 |  224.0 |
  Orcish Mines |   2116 |   2047 |     69 |    590 |    863 |   2 | 1058.0 |
               +--------+--------+--------+--------+--------+-----+--------+

Top non-repeatable levels by time:
  Lair:5: 1864 daAuts
    D:10: 1689 daAuts
  Lair:3: 1430 daAuts
     D:7: 1303 daAuts
    D:15: 1280 daAuts
   Orc:2: 1221 daAuts
  Lair:2: 1136 daAuts
  Lair:1: 1102 daAuts
     D:8: 1100 daAuts
  Lair:4: 1086 daAuts
    D:14: 1023 daAuts
    D:11: 996 daAuts
     D:9: 995 daAuts
     D:3: 949 daAuts
   Orc:1: 895 daAuts

Table legend:
 A = Non-vault XP
 B = Vault XP
 C = Vault XP percentage of total XP
 D = Non-vault monster count
 E = Vault monster count
 F = Vault count percentage of total count
                 A         B        C        D         E       F
            +---------+---------+-------+---------+---------+-------
      Total |   77396 |   68536 |  47.0 |     414 |     260 |  38.6
            +---------+---------+-------+---------+---------+-------
        D:1 |      39 |       0 |   0.0 |      20 |       0 |   0.0
        D:2 |      22 |     223 |  91.0 |      14 |       1 |   6.7
        D:3 |      99 |      57 |  36.5 |      13 |      20 |  60.6
        D:4 |     321 |       0 |   0.0 |      18 |       0 |   0.0
        D:5 |     264 |       0 |   0.0 |       9 |       0 |   0.0
        D:6 |     516 |       8 |   1.5 |       5 |       6 |  54.5
        D:7 |    1080 |    1413 |  56.7 |      29 |      18 |  38.3
        D:8 |     965 |     600 |  38.3 |      17 |      13 |  43.3
        D:9 |    1596 |       0 |   0.0 |       8 |       0 |   0.0
       D:10 |    1746 |   10963 |  86.3 |      11 |      25 |  69.4
       D:11 |    4962 |     382 |   7.1 |      21 |       6 |  22.2
       D:12 |    4905 |       0 |   0.0 |      22 |       0 |   0.0
       D:13 |    6353 |       0 |   0.0 |      13 |       0 |   0.0
       D:14 |    8123 |    5900 |  42.1 |      15 |      20 |  57.1
       D:15 |   10084 |    5904 |  36.9 |      25 |       9 |  26.5
     Lair:1 |    6523 |       0 |   0.0 |      28 |       0 |   0.0
     Lair:2 |    8630 |       0 |   0.0 |      39 |       0 |   0.0
     Lair:3 |    7162 |    1058 |  12.9 |      33 |       2 |   5.7
     Lair:4 |    2708 |    3858 |  58.8 |      12 |      11 |  47.8
     Lair:5 |    4533 |   21322 |  82.5 |      16 |      83 |  83.8
   Spider:1 |    4095 |    1750 |  29.9 |       8 |       4 |  33.3
      Orc:1 |    2477 |    1002 |  28.8 |      27 |       3 |  10.0
      Orc:2 |     193 |   14096 |  98.6 |      11 |      39 |  78.0
            +---------+---------+-------+---------+---------+-------
